 Dungeon Crawl Stone Soup version 0.21.0-36-ge3e1d5aaab (webtiles) character file.

7071 GuyWithAPlan the Slinger (level 10, -1/70 HPs)
             Began as a Demonspawn Abyssal Knight on Jan 30, 2018.
             Was a High Priest of Lugonu.
             Killed from afar by a gargoyle (21 damage)
             ... with a stone arrow
             ... on level 11 of the Dungeon.
             The game lasted 00:22:41 (12451 turns).

GuyWithAPlan the Slinger (DsAK)                    Turns: 12451, Time: 00:22:41

Health: -1/70      AC:  6    Str: 16    XL:     10   Next: 84%
Magic:  0/22       EV: 14    Int: 14    God:    Lugonu [*****.]
Gold:   638        SH:  0    Dex: 14    Spells: 9/9 levels left

rFire    . . .     SeeInvis .   e - +2 hunting sling (freeze)
rCold    + + .     Gourm    .   (no shield)
rNeg     . . .     Faith    .   b - +1 leather armour
rPois    +         Spirit   +   (helmet restricted)
rElec    .         Reflect  .   r - scarf {Spirit}
rCorr    .         Harm     .   (no gloves)
MR       .....                  (no boots)
Stlth    +.........             (no amulet)
HPRegen  0.21/turn              w - ring of magical power
MPRegen  0.36/turn              I - ring of Puxailuh {rPois rC++ EV-3 Str+4 Dex-2}

@: no status effects
A: horns 2, thin metallic scales 1, powered by pain 1, magic shield, magic
regeneration
a: Depart the Abyss, Bend Space, Banish, Corrupt, Enter the Abyss, Renounce
Religion


You were on level 11 of the Dungeon.
You worshipped Lugonu.
Lugonu was extremely pleased with you.
You were not hungry.

You visited 1 branch of the dungeon, and saw 11 of its levels.
You visited the Abyss 1 time.
You also visited: Ossuary.

You collected 816 gold pieces.
You spent 178 gold pieces at shops.

Inventory:

Hand Weapons
 a - a +1 mace
 e - a +2 hunting sling of freezing (weapon)
Missiles
 d - 9 javelins
 m - 196 stones
 u - 5 javelins of penetration
 A - 7 sling bullets (quivered)
Armour
 b - a +1 leather armour (worn)
 r - a scarf of spirit shield (worn)
 B - a +2 scale mail of fire resistance
Jewellery
 w - a ring of magical power (left hand)
 I - the ring of Puxailuh (right hand) {rPois rC++ EV-3 Str+4 Dex-2}
   (You found it on level 9 of the Dungeon)

   [ring of evasion]

   It affects your evasion (-3).
   It affects your strength (+4).
   It affects your dexterity (-2).
   It greatly protects you from cold.
   It protects you from poison.
 L - an uncursed amulet of inaccuracy
Wands
 t - a wand of digging (24)
 x - a wand of scattershot (4)
 y - a wand of random effects (16)
Scrolls
 h - 2 scrolls of fog
 i - a scroll of teleportation
 p - a scroll of remove curse
 v - 4 scrolls of amnesia {unknown}
 z - 2 scrolls of vulnerability {unknown}
 C - 3 scrolls of identify
 F - a scroll of enchant armour
 M - a scroll of enchant weapon {unknown}
Potions
 f - 3 potions of flight
 g - 4 potions of agility
 j - 4 potions of lignification
 k - 5 potions of heal wounds
 l - 5 potions of brilliance
 n - a potion of cancellation {unknown}
 o - 3 potions of curing
 q - 3 potions of resistance
 s - 4 potions of haste
 E - a potion of degeneration {unknown}
 G - a potion of magic {unknown}
 H - 5 potions of might
Books
 D - a book of Changes

   Spells                             Type                      Level
   a - Beastly Appendage              Transmutation                1
   b - Sticks to Snakes               Transmutation                2
   c - Spider Form                    Transmutation/Poison         3
   d - Ice Form                       Ice/Transmutation            4
   e - Blade Hands                    Transmutation                5
 J - a book of Cantrips

   Spells                             Type                      Level
   a - Confusing Touch                Hexes                        1
   b - Animate Skeleton               Necromancy                   1
   c - Summon Small Mammal            Summoning                    1
   d - Apportation                    Translocation                1
 K - a book of Callings

   Spells                             Type                      Level
   a - Summon Small Mammal            Summoning                    1
   b - Call Imp                       Summoning                    2
   c - Call Canine Familiar           Summoning                    3
   d - Summon Guardian Golem          Hexes/Summoning              3
   e - Summon Lightning Spire         Summoning/Air                4
   f - Summon Ice Beast               Ice/Summoning                4
Comestibles
 c - 18 rations


   Skills:
 - Level 3.0 Fighting
 - Level 1.7 Maces & Flails
 - Level 12.0 Slings
 - Level 1.7 Armour
 + Level 8.7 Dodging
 - Level 5.0 Invocations


You had 9 spell levels left.
You didn't know any spells.

Dungeon Overview and Level Annotations

Branches:
Dungeon (11/15)            Temple (0/1) D:5             Orc (0/2) D:9
   Lair: D:8-11

Altars:
Fedhas
Gozag
Hepliaklqana
Makhleb
Nemelex Xobeh
Sif Muna
Trog
The Shining One

Shops:
D:5 (   D:6 *   D:11 !


Innate Abilities, Weirdness & Mutations

You have a pair of horns on your head.
You are partially covered in thin metallic scales. (AC +2)
You sometimes gain a little power by taking damage.
When hurt, damage is shared between your health and your magic reserves.
You regenerate magic rapidly.


Message History

The sling bullet barely misses the gargoyle.
The gargoyle misses you.
Firing (i - inventory. (,) - cycle):
A - 9 sling bullets (quivered)
Press: ? - help, Shift-Dir - straight line, f/p - gargoyle
Aim: a gargoyle, wielding a mace of protection You shoot a sling bullet.
The sling bullet hits the gargoyle but does no damage.
Firing (i - inventory. (,) - cycle):
A - 8 sling bullets (quivered)
Press: ? - help, Shift-Dir - straight line, f/p - gargoyle
Aim: a gargoyle, wielding a mace of protection You shoot a sling bullet.
The sling bullet hits the gargoyle but does no damage.
The gargoyle hits you with a mace of protection!
Found an encrusted wooden wand.
The gargoyle hurls a stone arrow at you.
The stone arrow hits you!
* * * LOW HITPOINT WARNING * * *
The gargoyle hurls a stone arrow at you.
The stone arrow hits you!
You die...

..((.
+.........>.......... #.
#....#####.####..#.##+####
#. #(...(((...# ##...# #.
#..=.####..#####...# #.
#.#./......9.9.##..# #.
#.####.#.###.##..# #.
#.#.# #.##..## . #. #.#.#
#.###..#####.. #.
#.#.###@###......... #.
#.#.#..............# #.
#+#+#.#............. #.
..........>#########.
....<.................
......##################
...... ....$.


You could see a gargoyle.

Vanquished Creatures
  2 two-headed ogres
  A hippogriff (D:9)
  A hornet (D:8)
  A wyvern (D:9)
  6 yaks
  A hog (D:7)
  A human (D:7)
  A hungry ghost (D:10)
  Duvessa (D:7)
  2 ice beasts
  2 orc warriors
  A black bear (D:6)
  2 sky beasts
  3 phantoms
  3 ogres
  2 centaurs
  2 big kobolds (D:5)
  6 bullfrogs
  5 scorpions
  Dowan (D:7)
  8 wights
  A howler monkey (D:5)
  5 crimson imps
  A quasit (D:8)
  5 hounds
  3 orc priests
  2 orc wizards (D:9)
  2 jellies
  4 iguanas
  A bullfrog skeleton (D:7)
  8 worker ants
  A hound skeleton (D:5)
  8 mummies (Ossuary)
  A howler monkey skeleton (D:6)
  8 gnolls
  15 adders
  A shadow imp (D:9)
  An ooze (D:1)
  3 worms (D:2)
  A dart slug (D:2)
  8 leopard geckos
  20 orcs
  4 giant cockroaches
  14 goblins
  13 hobgoblins
  18 jackals
  10 kobolds
  2 quokkas (D:4)
  5 bats
  11 frilled lizards
  2 gnoll zombies (Ossuary)
  A hobgoblin zombie (Ossuary)
  3 kobold zombies (Ossuary)
  2 leopard gecko skeletons
  2 orc zombies (Ossuary)
  A quokka skeleton (D:7)
  7 rats
246 creatures vanquished.

Notes
Turn   | Place    | Note
-------+----------+-------------------------------------------
     0 | Abyss:1  | GuyWithAPlan the Demonspawn Abyssal Knight began the quest for the Orb.
     0 | Abyss:1  | Reached XP level 1. HP: 18/18 MP: 2/2
    14 | Abyss:1  | Found a bloodstained altar of Trog.
    44 | Abyss:1  | Noticed a rust devil
    47 | D:1      | Escaped the Abyss
   286 | D:1      | Gained mutation: You are partially covered in thin metallic scales. (AC +2) [demonic ancestry]
   286 | D:1      | Reached XP level 2. HP: 23/24 MP: 4/4
   344 | D:1      | Reached * piety under Lugonu
   746 | D:1      | Reached XP level 3. HP: 20/29 MP: 6/6
   920 | D:2      | Reached skill level 5 in Invocations
  1181 | D:2      | Reached skill level 1 in Slings
  1259 | D:2      | Reached ** piety under Lugonu
  1298 | D:2      | Gained mutation: When hurt, damage is shared between your health and your magic reserves. [demonic ancestry]
  1298 | D:2      | Reached XP level 4. HP: 6/35 MP: 7/7
  1585 | D:2      | Reached skill level 2 in Slings
  1818 | D:2      | Found a burning altar of Makhleb.
  2282 | D:3      | Gained mutation: You have a pair of small horns on your head. [demonic ancestry]
  2282 | D:3      | Reached XP level 5. HP: 41/41 MP: 8/8
  2461 | D:3      | Found a faded altar of an unknown god.
  2585 | D:3      | Reached skill level 3 in Slings
  2805 | D:3      | Found a blossoming altar of Fedhas.
  3083 | D:4      | Reached skill level 4 in Slings
  3103 | D:4      | Gained mutation: You sometimes gain a little power by taking damage. [demonic ancestry]
  3103 | D:4      | Reached XP level 6. HP: 24/47 MP: 5/9
  3338 | D:4      | Reached *** piety under Lugonu
  3365 | D:4      | Reached skill level 5 in Slings
  4017 | D:4      | Gained mutation: You regenerate magic rapidly. [demonic ancestry]
  4017 | D:4      | Reached XP level 7. HP: 50/52 MP: 8/10
  4035 | D:4      | Reached skill level 6 in Slings
  4644 | D:4      | Found a sparkling altar of Nemelex Xobeh.
  4713 | D:5      | Entered Level 5 of the Dungeon
  4775 | D:5      | Found a sand-covered staircase.
  4800 | D:5      | Found a staircase to the Ecumenical Temple.
  4909 | D:5      | Found Agoarches's Antique Weapon Shoppe.
  4929 | Ossuary  | Entered an ossuary
  5970 | D:5      | Reached skill level 7 in Slings
  6108 | D:5      | Reached **** piety under Lugonu
  6178 | D:5      | Reached skill level 8 in Slings
  6178 | D:5      | Gained mutation: You have a pair of horns on your head. [demonic ancestry]
  6178 | D:5      | Reached XP level 8. HP: 43/58 MP: 8/11
  6794 | D:6      | Reached skill level 9 in Slings
  6958 | D:6      | Noticed an angel
  6959 | D:6      | Found a glowing golden altar of the Shining One.
  6969 | D:6      | Found Sugh's Hallowed Reliquary.
  6978 | D:6      | Bought a potion of heal wounds for 55 gold pieces
  6978 | D:6      | Bought a potion of heal wounds for 55 gold pieces
  7522 | D:7      | Noticed Duvessa
  7522 | D:7      | Noticed Dowan
  7593 | D:7      | Reached skill level 10 in Slings
  7612 | D:7      | Killed Dowan
  7612 | D:7      | Reached XP level 9. HP: 55/63 MP: 12/12
  7707 | D:7      | Found an opulent altar of Gozag.
  7916 | D:7      | Noticed a two-headed ogre
  7930 | D:7      | Killed a two-headed ogre
  7930 | D:7      | Reached skill level 11 in Slings
  7934 | D:7      | Reached ***** piety under Lugonu
  8258 | D:7      | Killed Duvessa
  8904 | D:7      | Reached skill level 12 in Slings
  8946 | D:7      | Reached XP level 10. HP: 36/70 MP: 13/13
  9338 | D:8      | Found a hazy altar of Hepliaklqana.
  9841 | D:9      | Reached skill level 5 in Dodging
 10512 | D:9      | Found a deep blue altar of Sif Muna.
 10588 | D:9      | Found a staircase to the Orcish Mines.
 10854 | D:9      | Got a twitching tin ring
 10898 | D:9      | Found a glowing golden altar of the Shining One.
 10898 | D:9      | Found an opulent altar of Gozag.
 10976 | D:10     | Entered Level 10 of the Dungeon
 11513 | D:10     | Found a bloodstained altar of Trog.
 11965 | D:11     | Identified the cursed ring of Puxailuh {rPois rC++ EV-3 Str+4 Dex-2} (You found it on level 9 of the Dungeon)
 12041 | D:11     | Noticed a two-headed ogre
 12106 | D:10     | Killed a two-headed ogre
 12336 | D:11     | Found Vuett's Distillery.
 12345 | D:11     | Bought a potion of might for 68 gold pieces
 12423 | D:11     | Noticed a gargoyle
 12451 | D:11     | Killed from afar by a gargoyle

Skill      XL: |  1  2  3  4  5  6  7  8  9 10 |
---------------+-------------------------------+-----
Invocations    | 3 4 5 |  5.0
Slings         | 1 2 4 5 8 10 12 | 12.0
Dodging        | 3 8 |  8.7
Fighting       | |  3.0
Maces & Flails | |  1.7
Armour         | |  1.7

Action                   |  1- 3 |  4- 6 |  7- 9 | 10-12 || total
-------------------------+-------+-------+-------+-------++-------
Melee: Mace              |    92 |    21 |     3 |       ||   116
 Fire: Hunting sling     |    33 |   152 |   596 |   431 ||  1212
Invok: Depart the Abyss  |     1 |       |       |       ||     1
Evoke: Wand              |       |       |     1 |       ||     1
  Use: Scroll            |     3 |       |    14 |     1 ||    18
       Potion            |       |     1 |       |     2 ||     3
  Eat: Chunk             |     1 |     6 |    10 |    10 ||    27
       Ration            |       |     1 |     1 |       ||     2
Armor: Leather armour    |    48 |    19 |    36 |    24 ||   127
Dodge: Dodged            |    92 |    52 |    96 |    98 ||   338
